TOP OF THE 1ST |
St. Louis Cardinals batting - Pitching for Colorado Rockies : RHP Gabe Stokes
|
Pitching: RHP Gabe Stokes
|
|
Batting: RHB Mike Bates
|
0-0: Ball 1-0: Called Strike 1-1: Ball 2-1: Foul Ball, location: 2F 2-2: Ball 3-2: Base on Balls
|
Batting: LHB Pat Sutton
|
0-0: Ball Mike Bates steals 2nd base 1-0: Foul Ball, location: 2F 1-1: Swinging Strike 1-2: Strikes out swinging
|
Batting: SHB Harry Hoop
|
0-0: Foul Ball, location: 2F 0-1: Ball 1-1: Ball 2-1: Ground out 5-3 (Groundball, 56, EV 80.6 MPH)
|
Batting: SHB Antoine Roux
|
0-0: Ball 1-0: Swinging Strike 1-1: Swinging Strike 1-2: Strikes out looking
|
Top of the 1st over - 0 runs, 0 hits, 0 errors, 1 left on base; St. Louis 0 - Colorado 0 |
BOTTOM OF THE 1ST |
Colorado Rockies batting - Pitching for St. Louis Cardinals : LHP Antonio Lacayo
|
Pitching: LHP Antonio Lacayo
|
|
Batting: LHB Freddy Troncoso
|
0-0: Ball 1-0: Ball 2-0: SINGLE (Line Drive, 9S, EV 95.0 MPH)
|
Batting: RHB Joel Haycock
|
0-0: Ball 1-0: Called Strike 1-1: Foul Ball, location: 2F 1-2: Grounds into double play, 4-6-3 (Groundball, 4, EV 90.6 MPH)
|
Batting: RHB Henry Alvizo
|
0-0: Ball 1-0: Called Strike 1-1: Ball 2-1: Fly out, F7 (Flyball, 7, EV 93.1 MPH)
|
Bottom of the 1st over - 0 runs, 1 hit, 0 errors, 0 left on base; St. Louis 0 - Colorado 0 |
TOP OF THE 2ND |
St. Louis Cardinals batting - Pitching for Colorado Rockies : RHP Gabe Stokes
|
Batting: LHB Armando Carbajal
|
0-0: Called Strike 0-1: Ball 1-1: Ball 2-1: Swinging Strike 2-2: Fly out, F9 (Flyball, 9, EV 86.2 MPH)
|
Batting: RHB Jordan Diaz
|
0-0: Ball 1-0: Ground out 6-3 (Groundball, 6, EV 105.0 MPH)
|
Batting: LHB Ichiro Toyota
|
0-0: SINGLE (Line Drive, 3D, EV 96.9 MPH)
|
Batting: RHB Danny Gallo
|
0-0: Foul Ball, location: 2F 0-1: Ball 1-1: Foul Ball, location: 2F 1-2: Fly out, F7 (Flyball, 7, EV 89.4 MPH)
|
Top of the 2nd over - 0 runs, 1 hit, 0 errors, 1 left on base; St. Louis 0 - Colorado 0 |
BOTTOM OF THE 2ND |
Colorado Rockies batting - Pitching for St. Louis Cardinals : LHP Antonio Lacayo
|
Batting: SHB Eddie Quinones
|
0-0: Called Strike 0-1: Called Strike 0-2: Fly out, F8 (Line Drive, 8RD, EV 96.9 MPH)
|
Batting: RHB Jason Andrews
|
0-0: Ball 1-0: Called Strike 1-1: Foul Ball, location: 2F 1-2: Ball 2-2: Strikes out swinging
|
Batting: SHB Andy Vivas
|
0-0: Ball 1-0: Ball 2-0: Ball 3-0: Base on Balls
|
Batting: SHB Jon Munoz
|
0-0: Ball 1-0: Ground out 1-3 (Groundball, 15S, EV 72.5 MPH)
|
Bottom of the 2nd over - 0 runs, 0 hits, 0 errors, 1 left on base; St. Louis 0 - Colorado 0 |
TOP OF THE 3RD |
St. Louis Cardinals batting - Pitching for Colorado Rockies : RHP Gabe Stokes
|
Batting: SHB Chris Blue
|
0-0: Called Strike 0-1: Bunt for hit to 15 - play at first, batter OUT! 1-3
|
Batting: RHB Mike Bates
|
0-0: Called Strike 0-1: Ball 1-1: Swinging Strike 1-2: Strikes out swinging
|
Batting: LHB Pat Sutton
|
0-0: Ball 1-0: Ball 2-0: Fly out, F8 (Line Drive, 8RM, EV 91.9 MPH)
|
Top of the 3rd over - 0 runs, 0 hits, 0 errors, 0 left on base; St. Louis 0 - Colorado 0 |
BOTTOM OF THE 3RD |
Colorado Rockies batting - Pitching for St. Louis Cardinals : LHP Antonio Lacayo
|
Batting: LHB Greg Valenzuela
|
0-0: Ball 1-0: Fly out, F7 (Flyball, 7LD, EV 109.4 MPH)
|
Batting: RHB Eduardo Camacho
|
0-0: Foul Ball, location: 2F 0-1: Ball 1-1: Foul Ball, location: 2F 1-2: Ball 2-2: Strikes out swinging
|
Batting: LHB Freddy Troncoso
|
0-0: Called Strike 0-1: Ball 1-1: Ball 2-1: Ball 3-1: Foul Ball, location: 2F 3-2: Foul Ball, location: 2F 3-2: Ground out U3 (Groundball, 3S, EV 62.5 MPH)
|
Bottom of the 3rd over - 0 runs, 0 hits, 0 errors, 0 left on base; St. Louis 0 - Colorado 0 |
TOP OF THE 4TH |
St. Louis Cardinals batting - Pitching for Colorado Rockies : RHP Gabe Stokes
|
Batting: SHB Harry Hoop
|
0-0: Called Strike 0-1: Foul Ball, location: 2F 0-2: Foul Ball, location: 2F 0-2: Strikes out swinging
|
Batting: SHB Antoine Roux
|
0-0: Ball 1-0: Ball 2-0: Ball 3-0: Called Strike 3-1: Called Strike 3-2: Base on Balls
|
Batting: LHB Armando Carbajal
|
0-0: Ball 1-0: Ball 2-0: Ball 3-0: Base on Balls Antoine Roux to second
|
Batting: RHB Jordan Diaz
|
0-0: Foul Ball, location: 2F 0-1: Ball 1-1: Ball 2-1: Fly out, F5 (Line Drive, 56, EV 63.1 MPH)
|
Pitching: LHP Randy Rowland
|
|
Batting: LHB Ichiro Toyota
|
0-0: Ball 1-0: Ball 2-0: Called Strike 2-1: Called Strike 2-2: Ball 3-2: Ground out U3 (Groundball, 34, EV 100.0 MPH)
|
Top of the 4th over - 0 runs, 0 hits, 0 errors, 2 left on base; St. Louis 0 - Colorado 0 |
BOTTOM OF THE 4TH |
Colorado Rockies batting - Pitching for St. Louis Cardinals : LHP Antonio Lacayo
|
Batting: RHB Joel Haycock
|
0-0: Called Strike 0-1: SINGLE (Flyball, 5D, EV 88.8 MPH)
|
Batting: RHB Henry Alvizo
|
0-0: Foul Ball, location: 2F 0-1: Foul Ball, location: 2F 0-2: Foul Ball, location: 2F 0-2: Strikes out swinging
|
Batting: SHB Eddie Quinones
|
0-0: Ball 1-0: Called Strike 1-1: Foul Ball, location: 2F 1-2: Foul Ball, location: 2F 1-2: Fly out, F8 (Line Drive, 8LD, EV 90.0 MPH)
|
Pitching: LHP Nick Suggett
|
|
Batting: RHB Jason Andrews
|
0-0: Foul Ball, location: 2F 0-1: Ball 1-1: SINGLE (Groundball, 56S, EV 66.2 MPH) (infield hit) Joel Haycock to second
|
Batting: SHB Andy Vivas
|
0-0: Ball 1-0: Foul Ball, location: 2F 1-1: Ball 2-1: Ball 3-1: Base on Balls Joel Haycock to third Jason Andrews to second
|
Batting: SHB Jon Munoz
|
0-0: Called Strike 0-1: Ball 1-1: Ground out U3 (Groundball, 3, EV 82.5 MPH)
|
Bottom of the 4th over - 0 runs, 2 hits, 0 errors, 3 left on base; St. Louis 0 - Colorado 0 |
TOP OF THE 5TH |
St. Louis Cardinals batting - Pitching for Colorado Rockies : LHP Randy Rowland
|
Pitching: LHP Bill Ogren
|
|
Now at 1B: Steve Gilliam
|
|
Now in LF: Michael Krott
|
|
Batting: RHB Danny Gallo
|
0-0: Ball 1-0: Ball 2-0: Called Strike 2-1: Ball 3-1: Fly out, F8 (Flyball, 8RD, EV 81.2 MPH)
|
Batting: SHB Chris Blue
|
0-0: Swinging Strike 0-1: Foul Ball, location: 2F 0-2: Ball 1-2: Foul Ball, location: 2F 1-2: Ball 2-2: Ball 3-2: Strikes out swinging
|
Batting: RHB Mike Bates
|
0-0: Foul Ball, location: 2F 0-1: Ball 1-1: Ball 2-1: Ball 3-1: Called Strike 3-2: DOUBLE (Groundball, 5L, EV 100.6 MPH)
|
Batting: LHB Pat Sutton
|
0-0: Called Strike 0-1: Foul Ball, location: 2F 0-2: Ball 1-2: Ground out 6-3 (Groundball, 6M, EV 110.0 MPH)
|
Top of the 5th over - 0 runs, 1 hit, 0 errors, 1 left on base; St. Louis 0 - Colorado 0 |
BOTTOM OF THE 5TH |
Colorado Rockies batting - Pitching for St. Louis Cardinals : LHP Nick Suggett
|
Pitching: RHP Danny Romero
|
|
Now at 3B: Jason Kirby
|
|
Now at SS: Klaas Meij
|
|
Now in LF: Tommy Boudreaux
|
|
Now in CF: Fabrice Bertin
|
|
Batting: LHB Greg Valenzuela
|
0-0: Ball 1-0: Swinging Strike 1-1: Ball 2-1: Foul Ball, location: 2F 2-2: Strikes out swinging
|
Batting: RHB Eduardo Camacho
|
0-0: Called Strike 0-1: Fly out, F9 (Line Drive, 9, EV 90.6 MPH)
|
Batting: LHB Freddy Troncoso
|
0-0: Ball 1-0: Ball 2-0: Ball 3-0: Base on Balls
|
Batting: LHB Michael Krott
|
0-0: Foul Ball, location: 2F 0-1: Ground out 6-3 (Groundball, P, EV 81.9 MPH)
|
Bottom of the 5th over - 0 runs, 0 hits, 0 errors, 1 left on base; St. Louis 0 - Colorado 0 |
TOP OF THE 6TH |
St. Louis Cardinals batting - Pitching for Colorado Rockies : LHP Bill Ogren
|
Pitching: LHP Eric Zielinski
|
|
Batting: SHB Harry Hoop
|
0-0: Ball 1-0: Called Strike 1-1: Ground out 5-3 (Groundball, 56S, EV 65.0 MPH)
|
Pinch Hitting: SHB Luke Robbins
|
0-0: Foul Ball, location: 2F 0-1: Called Strike 0-2: Strikes out swinging
|
Pinch Hitting: RHB Joe Alley
|
0-0: Swinging Strike 0-1: Called Strike 0-2: Foul Ball, location: 2F 0-2: Strikes out looking
|
Top of the 6th over - 0 runs, 0 hits, 0 errors, 0 left on base; St. Louis 0 - Colorado 0 |
BOTTOM OF THE 6TH |
Colorado Rockies batting - Pitching for St. Louis Cardinals : RHP Danny Romero
|
Now at 1B: Joe Alley
|
|
Now at 2B: Luke Robbins
|
|
Pinch Hitting: RHB Sterling Acosta
|
0-0: Foul Ball, location: 2F 0-1: Ball 1-1: SINGLE (Line Drive, 6M, EV 94.4 MPH)
|
Batting: RHB Kevin Tangeman
|
0-0: Ball 1-0: Called Strike 1-1: Called Strike 1-2: Foul Ball, location: 2F 1-2: Foul Ball, location: 2F 1-2: Ball 2-2: Grounds into double play, 5-4-3 (Groundball, 5, EV 87.5 MPH)
|
Batting: LHB Steve Gilliam
|
0-0: Ball 1-0: Ball 2-0: Ball 3-0: Called Strike 3-1: Ground out 4-3 (Groundball, 4, EV 83.8 MPH)
|
Bottom of the 6th over - 0 runs, 1 hit, 0 errors, 0 left on base; St. Louis 0 - Colorado 0 |
TOP OF THE 7TH |
St. Louis Cardinals batting - Pitching for Colorado Rockies : LHP Eric Zielinski
|
Pitching: RHP Ju-zheng Yang
|
|
Now at 2B: Sterling Acosta
|
|
Batting: LHB Billy Guzman
|
0-0: Ball 1-0: Ground out 5-3 (Groundball, 5, EV 84.4 MPH)
|
Batting: RHB Klaas Meij
|
0-0: Called Strike 0-1: Ball 1-1: Ball 2-1: Foul Ball, location: 2F 2-2: Foul Ball, location: 2F 2-2: Foul Ball, location: 2F 2-2: Strikes out swinging
|
Pinch Hitting: RHB Melvin Enriquez
|
0-0: Called Strike 0-1: Ball 1-1: Called Strike 1-2: Strikes out swinging
|
Top of the 7th over - 0 runs, 0 hits, 0 errors, 0 left on base; St. Louis 0 - Colorado 0 |
BOTTOM OF THE 7TH |
Colorado Rockies batting - Pitching for St. Louis Cardinals : RHP Danny Romero
|
Pitching: LHP John Grinter
|
|
Now in RF: Melvin Enriquez
|
|
Pinch Hitting: RHB Justin Williams
|
0-0: Ball 1-0: Called Strike 1-1: Foul Ball, location: 2F 1-2: Ball 2-2: Strikes out looking
|
Pinch Hitting: SHB Chris Besselman
|
0-0: Called Strike 0-1: Ball 1-1: Foul Ball, location: 2F 1-2: Ball 2-2: Strikes out swinging
|
Batting: LHB Greg Valenzuela
|
0-0: Swinging Strike 0-1: Called Strike 0-2: Ball 1-2: Strikes out swinging
|
Bottom of the 7th over - 0 runs, 0 hits, 0 errors, 0 left on base; St. Louis 0 - Colorado 0 |
TOP OF THE 8TH |
St. Louis Cardinals batting - Pitching for Colorado Rockies : RHP Ju-zheng Yang
|
Now at C: Chris Besselman
|
|
Now at 3B: Justin Williams
|
|
Now at SS: Eduardo Camacho
|
|
Batting: SHB Jason Kirby
|
0-0: Called Strike 0-1: Ball 1-1: Foul Ball, location: 2F 1-2: Foul Ball, location: 2F 1-2: Strikes out swinging
|
Batting: RHB Fabrice Bertin
|
0-0: Called Strike 0-1: Ball 1-1: Ball 2-1: Foul Ball, location: 2F 2-2: Ball 3-2: Strikes out swinging
|
Pinch Hitting: LHB Travis Ruppel
|
0-0: Foul Ball, location: 2F 0-1: Ball 1-1: SINGLE (Groundball, 6, EV 98.8 MPH)
|
Batting: SHB Harry Hoop
|
0-0: Called Strike 0-1: Swinging Strike 0-2: Ball 1-2: Ball 2-2: Foul Ball, location: 2F 2-2: Foul Ball, location: 2F 2-2: Strikes out swinging
|
Top of the 8th over - 0 runs, 1 hit, 0 errors, 1 left on base; St. Louis 0 - Colorado 0 |
BOTTOM OF THE 8TH |
Colorado Rockies batting - Pitching for St. Louis Cardinals : LHP John Grinter
|
Pitching: RHP Derek White
|
|
Now in LF: Austin Akers
|
|
Pinch Hitting: LHB Mike Clark
|
0-0: Fly out, F7 (Flyball, 78S, EV 88.1 MPH)
|
Batting: LHB Freddy Troncoso
|
0-0: Ball 1-0: Foul Ball, location: 2F 1-1: Swinging Strike 1-2: Ball 2-2: Strikes out swinging
|
Batting: LHB Michael Krott
|
0-0: Foul Ball, location: 2F 0-1: Ball 1-1: Ball 2-1: Foul Ball, location: 2F 2-2: Foul Ball, location: 2F 2-2: Ball 3-2: Fly out, F9 (Line Drive, 9S, EV 106.9 MPH)
|
Bottom of the 8th over - 0 runs, 0 hits, 0 errors, 0 left on base; St. Louis 0 - Colorado 0 |
TOP OF THE 9TH |
St. Louis Cardinals batting - Pitching for Colorado Rockies : RHP Ju-zheng Yang
|
Pitching: LHP Xu-gang Zhou
|
|
Now at 2B: Mike Clark
|
|
Now at SS: Sterling Acosta
|
|
Batting: SHB Luke Robbins
|
0-0: Called Strike 0-1: Ball 1-1: Foul Ball, location: 2F 1-2: Foul Ball, location: 2F 1-2: Strikes out looking
|
Batting: RHB Joe Alley
|
0-0: Foul Ball, location: 2F 0-1: Ball 1-1: Foul Ball, location: 2F 1-2: Fly out, F7 (Flyball, 7LSF, EV 75.0 MPH)
|
Batting: LHB Billy Guzman
|
0-0: Swinging Strike 0-1: Foul Ball, location: 2F 0-2: Ball 1-2: Ball 2-2: Strikes out looking
|
Top of the 9th over - 0 runs, 0 hits, 0 errors, 0 left on base; St. Louis 0 - Colorado 0 |
BOTTOM OF THE 9TH |
Colorado Rockies batting - Pitching for St. Louis Cardinals : RHP Derek White
|
Pitching: RHP Ray Scifo
|
|
Batting: RHB Sterling Acosta
|
0-0: Ball 1-0: Ball 2-0: Called Strike 2-1: Foul Ball, location: 2F 2-2: Foul Ball, location: 2F 2-2: Foul Ball, location: 2F 2-2: Ball 3-2: Ground out 6-3 (Groundball, 6M, EV 106.2 MPH)
|
Batting: RHB Kevin Tangeman
|
0-0: Foul Ball, location: 2F 0-1: Ball 1-1: Ball 2-1: Swinging Strike 2-2: Strikes out swinging
|
Batting: LHB Steve Gilliam
|
0-0: Ball 1-0: Foul Ball, location: 2F 1-1: Ball 2-1: Foul Ball, location: 2F 2-2: Ball 3-2: Fly out, F9 (Flyball, 9, EV 71.9 MPH)
|
Bottom of the 9th over - 0 runs, 0 hits, 0 errors, 0 left on base; St. Louis 0 - Colorado 0 |
TOP OF THE 10TH |
St. Louis Cardinals batting - Pitching for Colorado Rockies : LHP Xu-gang Zhou
|
Pitching: RHP Tony Campos
|
|
Batting: RHB Klaas Meij
|
0-0: Ball 1-0: Foul Ball, location: 2F 1-1: Ball 2-1: Foul Ball, location: 2F 2-2: Ground out 5-3 (Groundball, 5, EV 82.5 MPH)
|
Batting: RHB Melvin Enriquez
|
0-0: Ball 1-0: Ball 2-0: Ball 3-0: Called Strike 3-1: Foul Ball, location: 2F 3-2: Strikes out swinging
|
Batting: SHB Jason Kirby
|
0-0: Called Strike 0-1: Fly out, F7 (Line Drive, 7D, EV 88.1 MPH)
|
Top of the 10th over - 0 runs, 0 hits, 0 errors, 0 left on base; St. Louis 0 - Colorado 0 |
BOTTOM OF THE 10TH |
Colorado Rockies batting - Pitching for St. Louis Cardinals : RHP Ray Scifo
|
Pitching: LHP Ed Gates
|
|
Batting: RHB Justin Williams
|
0-0: Called Strike 0-1: Foul Ball, location: 2F 0-2: Ball 1-2: Ball 2-2: Ball 3-2: TRIPLE (Flyball, 89XD, EV 103.8 MPH)
|
Batting: SHB Chris Besselman
|
0-0: Ball 1-0: Foul Ball, location: 2F 1-1: Foul Ball, location: 2F 1-2: Ball 2-2: Foul Ball, location: 2F 2-2: Ball 3-2: Strikes out swinging
|
Batting: LHB Greg Valenzuela
|
0-0: Intentional Walk
|
Batting: LHB Mike Clark
|
0-0: Called Strike 0-1: Ball 1-1: Swinging Strike 1-2: 3-RUN HOME RUN (Line Drive, 9D, EV 108.1 MPH), Distance : 389 ft
|
Bottom of the 10th over - 3 runs, 2 hits, 0 errors, 0 left on base; St. Louis 0 - Colorado 3 |
|